 Dungeon Crawl Stone Soup version 0.32-a0-711-g016ad743e0 (webtiles) character file.

Game seed: 2329940154123544623

32154 ragingrage the Nimble (level 13, -8/103 HPs)
             Began as a Gnoll Gladiator on Mar 16, 2024.
             Was an Initiate of Gozag.
             Killed by an exploding blazeheart core (45 damage)
             ... on level 4 of the Lair of Beasts.
             The game lasted 00:36:40 (18539 turns).

ragingrage the Nimble (Gnoll Gladiator)            Turns: 18539, Time: 00:36:41

Health: -8/103     AC: 18    Str: 13    XL:     13   Next: 62%
Magic:  19/25      EV: 15    Int: 11    God:    Gozag
Gold:   4285       SH:  0    Dex: 16    Spells: 16/29 levels left

rFire   . . .        a - +4 scimitar (freeze)
rCold   + + .        (no shield)
rNeg    + . .        n - +3 ring mail {rC+}
rPois   .            c - +2 helmet
rElec   .            p - +0 cloak
rCorr   .            R - +1 pair of gloves
SInv    .            V - +0 pair of boots
Will    .....        s - amulet of regeneration
Stlth   +++          j - ring of positive energy
HPRegen 1.17/turn    x - ring of protection from cold
MPRegen 0.19/turn

%: no passive effects
@: gold aura
A: fangs 1, strong nose, distributed training
a: Renounce Religion, Potion Petition, Call Merchant, Bribe Branch


You were on level 4 of the Lair of Beasts.
You worshipped Gozag.
Gozag was most pleased with you.
You visited 3 branches of the dungeon, and saw 15 of its levels.
You also visited: Bailey and Ice Cave.

You collected 4378 gold pieces.
You spent 12 gold pieces at shops.
You paid 81 gold pieces to Gozag.

Inventory:

Hand Weapons
 a - a +4 scimitar of freezing (weapon)
 b - a +0 heavy orcbow
 v - the +0 spear of Caepuif {drain, rC++ Dex+2}
   (You found it on level 3 of the Dungeon)

   Dex+2:     It affects your dexterity (+2).
   rC++:      It greatly protects you from cold.
Missiles
 d - a throwing net
 e - 6 javelins
 f - 18 boomerangs (quivered)
 l - 6 datura-tipped darts
 B - 10 poisoned darts
Armour
 c - a +2 helmet (worn)
 n - a +3 ring mail of cold resistance (worn)
 p - a +0 cloak (worn)
 y - a +0 kite shield of cold resistance
 A - a +0 plate armour of cold resistance
 R - a +1 pair of gloves (worn)
 S - a +0 helmet of intelligence
 V - a +0 pair of boots (worn)
 Y - +0 ice dragon scales
Jewellery
 j - a ring of positive energy (left hand)
 s - an amulet of regeneration (around neck)
 x - a ring of protection from cold (right hand)
Wands
 w - a wand of iceblast (19)
 D - a wand of flame (11)
 E - a wand of mindburst (7)
 F - a wand of polymorph (8)
 X - a wand of digging (4)
Scrolls
 g - 3 scrolls of enchant weapon
 i - 2 scrolls of fog
 k - 3 scrolls of poison
 m - 3 scrolls of immolation
 G - 2 scrolls of teleportation
 I - a scroll of blinking
 J - a scroll of amnesia
 M - a scroll of brand weapon
 O - a scroll of fear
 P - 3 scrolls of noise
 U - a scroll of vulnerability
 W - a scroll of acquirement
Potions
 h - a potion of cancellation
 o - a potion of haste {unknown}
 q - 2 potions of resistance
 r - 5 potions of heal wounds
 t - 5 potions of curing
 u - 3 potions of enlightenment
 z - a potion of attraction {unknown}
 H - 5 potions of lignification
 N - 2 potions of ambrosia
 Q - 2 potions of brilliance
 T - a potion of magic {unknown}


   Skills:
 + Level 9.9 Fighting
 + Level 8.8 Short Blades
 + Level 10.9 Long Blades
 + Level 8.8 Axes
 + Level 8.8 Maces & Flails
 + Level 8.8 Polearms
 + Level 8.8 Staves
 + Level 8.8 Ranged Weapons
 + Level 9.9 Throwing
 + Level 8.8 Armour
 + Level 10.9 Dodging
 + Level 8.8 Stealth
 + Level 8.8 Shields
 + Level 8.8 Unarmed Combat
 + Level 8.8 Spellcasting
 + Level 7.3 Conjurations
 + Level 7.3 Hexes
 + Level 7.3 Summonings
 + Level 7.3 Necromancy
 + Level 7.3 Translocations
 + Level 7.3 Fire Magic
 + Level 7.3 Ice Magic
 + Level 7.3 Air Magic
 + Level 7.3 Earth Magic
 + Level 7.3 Alchemy
 + Level 9.6 Invocations
 + Level 8.8 Evocations
 + Level 8.0 Shapeshifting


You had 16 spell levels left.
You knew the following spells:

 Your Spells              Type           Power      Damage    Failure   Level
a - Summon Blazeheart Go  Fire/Summ      20%        N/A       13%         4
b - Vhi's Electric Charg  Tloc/Air       40%        N/A       13%         4
c - Irradiate             Conj/Alch      10%        3d15      36%         5

Your spell library contained the following spells:

 Spells                   Type           Power      Damage    Failure   Level
 Foxfire                  Conj/Fire      80%        2x1d8     1%          1
 Necrotise                Necr           80%        1d8       1%          1
 Summon Small Mammal      Summ           80%        N/A       1%          1
 Cigotuvi's Dreadful Rot  Necr/Alch/Air  40%        N/A       1%          2
 Sublimation of Blood     Necr           20%        N/A       1%          2
 Call Canine Familiar     Summ           20%        N/A       4%          3
 Sigil of Binding         Hex            20%        N/A       4%          3
 Vampiric Draining        Necr           20%        2d7       4%          3
 Dimensional Bullseye     Hex/Tloc       10%        N/A       13%         4
 Dispel Undead            Necr           20%        3d11      13%         4
 Martyr's Knell           Necr/Summ      20%        N/A       13%         4
 Petrify                  Alch/Erth      20%        N/A       13%         4
 Arcjolt                  Conj/Air       10%        1d20      36%         5
 Curse of Agony           Necr           20%        N/A       36%         5
 Death Channel            Necr           10%        N/A       90%         6
 Plasma Beam              Fire/Air       10%        2x1d21    90%         6
 Starburst                Conj/Fire      10%        6d5       90%         6
 Infestation              Necr           10%        N/A       100%        8
 Maxwell's Capacitive Co  Air            10%        ∞         100%        8
 Chain Lightning          Conj/Air       10%        3d13      100%        9
 Fire Storm               Conj/Fire      10%        8d3       100%        9
 Shatter                  Erth           10%        3d11*     100%        9


Dungeon Overview and Level Annotations

Branches:
Dungeon (9/15)             Temple (1/1) D:5            Lair (5/5) D:9
  Swamp (0/4) Lair:2       Spider (0/4) Lair:2       Bailey (visited)
  IceCv (visited)
  Slime: Lair:4-5       Orc: D:9-12

Altars:
Ashenzari
Cheibriados
Dithmenos
Elyvilon
Fedhas
Gozag
Hepliaklqana
Kikubaaqudgha
Nemelex Xobeh
Okawaru
Qazlal
Ru
Sif Muna
Trog
Uskayaw
Vehumet
Wu Jian
Xom
Yredelemnul
Zin
The Shining One

Shops:
D:1 *   D:4 *

Annotations:
D:3 1 runed translucent door, Crazy Yiuf
D:5 exclusion: downstairs
D:6 Maggie
D:8 exclusion: 2 downstairs
D:9 2 runed translucent doors, cordlesssteve's ghost, novice MiBe
Lair:2 exclusion: downstairs


Innate Abilities, Weirdness & Mutations

You have very sharp teeth.
Your uncanny sense of smell can sniff out nearby items.
Your experience applies equally to all skills.


Message History

Your blazeheart core explodes!
The fiery explosion engulfs you!!
The fiery explosion engulfs the death yak!! x2
The death yak is engulfed in blazing flames. x2
The death yak misses you.
You hear an angry hiss.
You hear a loud, deep croak!
You hear a croak.
You hear a loud, deep croak!
You are engulfed in blazing flames.
The death yak is engulfed in blazing flames. x2
The death yak gores you!
The death yak is engulfed in blazing flames.
You climb upwards.
There is a stone staircase leading down here.
You hit the death yak. You freeze the death yak. The death yak gores you.
The death yak barely misses you.
You completely miss the death yak.
You bite the death yak, but do no damage.
The death yak closely misses you.
Casting: Summon Blazeheart Golem (dangerous; 13% risk of failure)
A fiery spirit appears, bound in slag iron.
The death yak barely misses you. The death yak misses you.
The death yak gores you!
The death yak attacks as it pursues you!
The death yak gores you.
Your blazeheart golem punches the death yak!
The death yak gores you!!
The death yak gores your blazeheart golem!!
The death yak attacks as it pursues you!
The death yak barely misses you.
Your blazeheart golem punches the death yak but does no damage.
Your blazeheart golem falls apart, revealing its core!
The death yak completely misses your blazeheart core.
Your blazeheart core explodes!
The fiery explosion engulfs the death yak!
You kill the death yak!
The fiery explosion engulfs the death yak!!!
You kill the death yak!
The fiery explosion engulfs you!!!
You die...
Your body crumbles into a pile of gold.

...........#..##..#########.#....
..................#P..##.#P..##..
##.#..#...P.####............####.
#......##...######.######### #.
#......#.#...#.# ### #.
##..#........>..# ######.
#P...........#☼☼## ##.....P
.........P....#○○# #.......
.#.......##...☼☼@#### ##.......
##...........#...##.#####.....###
##(#P....#..P#P..##........P..#
##...........##.##...^P#.##..##
........>..#..P..##.#..(..##..#
...............P.............##
##.#.#...P#####.P#P##.#.##.#.#
#######..## ##.########.#####
#....###..# ###


There were no monsters in sight!

Vanquished Creatures
  2 hydras
  A catoblepas (Lair:2)
  3 two-headed ogres (D:9)
  2 death yaks (Lair:4)
  A bog body (Lair:2)
  Pikel (D:7)
  4 black mambas (Lair:1)
  2 ice statues (IceCv)
  Joseph (D:8)
  8 elephants
  3 komodo dragons
  3 rime drakes
  9 cane toads
  6 ice devils (IceCv)
  2 anaconda simulacra (IceCv)
  Grinder (D:6)
  2 polar bears (Lair:2)
  4 blink frogs (Lair:2)
  Prince Ribbit (D:5)
  3 wyverns
  2 basilisks (Lair:2)
  35 yaks
  A wraith (D:9)
  Eustachio (D:5)
  5 dire elephant simulacra (IceCv)
  A death yak simulacrum (IceCv)
  2 vampire mosquitoes (D:7)
  Menkaure (D:5)
  A harpy simulacrum (IceCv)
  Edmund (D:6)
  A swamp worm (Lair:2)
  A hydra simulacrum (IceCv)
  14 water moccasins
  5 nameless horrors
  12 orc warriors
  3 ice beasts
  2 black bears (D:7)
  3 centaurs
  6 wolves
  A lemure (D:8)
  A phantom (D:7)
  Blork the orc (D:4)
  3 kobold brigands
  11 bullfrogs
  4 scorpions
  4 wights
  6 killer bees
  A howler monkey (D:6)
  2 bombardier beetles (D:6)
  5 hounds
  6 orc priests
  Terence (D:2)
  5 iguanas
  10 orc wizards
  2 hell rats (Lair:3)
  A troll simulacrum (IceCv)
  10 adders
  11 gnolls
  3 river rats (Lair:3)
  A naga simulacrum (IceCv)
  2 shadow imps
  4 ufetubi
  4 dart slugs
  3 ribbon worms
  33 orcs
  4 bats
  9 endoplasms
  3 giant cockroaches (D:1)
  5 goblins
  5 hobgoblins
  3 jackals
  3 quokkas
  3 ball pythons
  A frilled lizard (D:3)
  25 kobolds
  12 rats
364 creatures vanquished.

Vanquished Creatures (collateral kills)
  A cane toad (Lair:4)
  A nameless horror (Lair:4)
  A harpy simulacrum (IceCv)
  A wolf (Lair:2)
  A two-headed ogre simulacrum (IceCv)
  An electric eel (Lair:2)
  A spriggan simulacrum (IceCv)
  2 river rats (Lair:3)
  A rat (Lair:3)
10 creatures vanquished.

Vanquished Creatures (others)
  44 blazeheart cores
44 creatures vanquished.

Grand Total: 418 creatures vanquished

Notes
Turn   | Place    | Note
-------+----------+-------------------------------------------
     0 | D:1      | ragingrage the Gnoll Gladiator began the quest for the Orb.
     0 | D:1      | Reached XP level 1. HP: 20/20 MP: 1/1
   110 | D:1      | Found Garyin Tuuzu's General Store.
   206 | D:1      | Reached XP level 2. HP: 26/26 MP: 2/2
   612 | D:2      | Noticed Terence
   675 | D:2      | Reached XP level 3. HP: 31/31 MP: 3/3
   892 | D:2      | Reached skill level 1 in Invocations
   934 | D:2      | Killed Terence
   935 | D:2      | Reached skill level 1 in Short Blades
   935 | D:2      | Reached skill level 1 in Axes
   935 | D:2      | Reached skill level 1 in Maces & Flails
   935 | D:2      | Reached skill level 1 in Polearms
   935 | D:2      | Reached skill level 1 in Staves
   935 | D:2      | Reached skill level 1 in Ranged Weapons
   935 | D:2      | Reached skill level 1 in Armour
   935 | D:2      | Reached skill level 1 in Stealth
   935 | D:2      | Reached skill level 1 in Shields
   935 | D:2      | Reached skill level 1 in Unarmed Combat
   935 | D:2      | Reached skill level 1 in Spellcasting
   935 | D:2      | Reached skill level 1 in Evocations
   935 | D:2      | Reached skill level 1 in Shapeshifting
   935 | D:2      | Reached XP level 4. HP: 34/38 MP: 5/5
  1140 | D:2      | You fall into a shaft and drop 2 floors!
  1140 | D:4      | Found Kuniunn's General Store.
  1142 | D:4      | Bought a potion of degeneration for 12 gold pieces
  1150 | D:5      | Entered Level 5 of the Dungeon
  1169 | D:5      | Noticed an ice beast
  1198 | D:3      | Found an ornate altar of the Wu Jian Council.
  1231 | D:4      | Noticed a scorpion
  1252 | D:4      | Killed a scorpion
  1252 | D:4      | HP: 1/38 [dart slug (3)]
  1253 | D:4      | Reached skill level 1 in Conjurations
  1253 | D:4      | Reached skill level 1 in Hexes
  1253 | D:4      | Reached skill level 1 in Summonings
  1253 | D:4      | Reached skill level 1 in Necromancy
  1253 | D:4      | Reached skill level 1 in Translocations
  1253 | D:4      | Reached skill level 1 in Fire Magic
  1253 | D:4      | Reached skill level 1 in Ice Magic
  1253 | D:4      | Reached skill level 1 in Air Magic
  1253 | D:4      | Reached skill level 1 in Earth Magic
  1253 | D:4      | Reached skill level 1 in Alchemy
  1253 | D:4      | Reached XP level 5. HP: 1/43 MP: 5/7
  1512 | D:5      | Noticed Blork the orc
  1958 | D:3      | Found a glowing golden altar of the Shining One.
  1958 | D:3      | Found an opulent altar of Gozag.
  1968 | D:3      | Identified the +0 spear of Caepuif {drain, rC++ Dex+2}
  2031 | D:3      | Found a faded altar of an unknown god.
  2187 | D:3      | Reached XP level 6. HP: 50/50 MP: 8/8
  2376 | D:3      | Found a runed translucent door.
  2377 | D:3      | Noticed Crazy Yiuf
  2694 | D:3      | Reached skill level 5 in Fighting
  2694 | D:3      | Reached skill level 5 in Throwing
  2921 | D:4      | Killed Blork the orc
  2945 | D:5      | Noticed a water moccasin
  2980 | D:5      | Noticed Eustachio
  3037 | D:5      | Killed Eustachio
  3038 | D:5      | Reached XP level 7. HP: 56/56 MP: 10/10
  3122 | D:5      | Noticed Prince Ribbit
  3326 | D:5      | Noticed Sigmund
  3388 | D:3      | Became a worshipper of Gozag Ym Sagoz the Greedy
  3444 | D:5      | Sigmund changed into Sigmund the scorpion
  3444 | D:5      | Noticed Sigmund
  3453 | D:5      | Killed Sigmund the scorpion
  3555 | D:5      | Noticed Menkaure
  3561 | D:5      | Killed Menkaure
  3562 | D:5      | Reached XP level 8. HP: 44/63 MP: 12/12
  3614 | D:5      | Found a staircase to the Ecumenical Temple.
  3620 | Temple   | Entered the Ecumenical Temple
  4020 | D:5      | Killed Prince Ribbit
  4342 | D:6      | Learned a level 4 spell: Summon Blazeheart Golem
  4494 | D:6      | Noticed Grinder
  4498 | D:6      | Noticed Edmund
  5601 | D:6      | Paralysed by Grinder for 5 turns
  5610 | D:6      | Killed Grinder
  5611 | D:6      | Reached XP level 9. HP: 47/69 MP: 13/15
  5730 | D:6      | Killed Edmund
  6140 | D:6      | Noticed Maggie
  6449 | D:7      | Reached skill level 5 in Invocations
  7214 | D:8      | Reached skill level 5 in Short Blades
  7214 | D:8      | Reached skill level 5 in Axes
  7214 | D:8      | Reached skill level 5 in Maces & Flails
  7214 | D:8      | Reached skill level 5 in Polearms
  7214 | D:8      | Reached skill level 5 in Staves
  7214 | D:8      | Reached skill level 5 in Ranged Weapons
  7214 | D:8      | Reached skill level 5 in Armour
  7214 | D:8      | Reached skill level 5 in Stealth
  7214 | D:8      | Reached skill level 5 in Shields
  7214 | D:8      | Reached skill level 5 in Unarmed Combat
  7214 | D:8      | Reached skill level 5 in Spellcasting
  7214 | D:8      | Reached skill level 5 in Evocations
  7214 | D:8      | Reached XP level 10. HP: 68/77 MP: 17/17
  7410 | D:8      | Found a flagged portal.
  7423 | Bailey   | Entered a bailey
  8118 | Bailey   | Reached skill level 5 in Shapeshifting
 10078 | D:8      | Noticed Joseph
 10282 | D:8      | Noticed Pikel
 10325 | D:7      | Killed Pikel
 10353 | D:8      | Reached skill level 5 in Conjurations
 10353 | D:8      | Reached skill level 5 in Hexes
 10353 | D:8      | Reached skill level 5 in Summonings
 10353 | D:8      | Reached skill level 5 in Necromancy
 10353 | D:8      | Reached skill level 5 in Translocations
 10353 | D:8      | Reached skill level 5 in Fire Magic
 10353 | D:8      | Reached skill level 5 in Ice Magic
 10353 | D:8      | Reached skill level 5 in Air Magic
 10353 | D:8      | Reached skill level 5 in Earth Magic
 10353 | D:8      | Reached skill level 5 in Alchemy
 10498 | D:8      | Killed Joseph
 10499 | D:8      | Reached XP level 11. HP: 38/85 MP: 20/20
 10660 | D:9      | Noticed a two-headed ogre
 10724 | D:9      | Noticed a two-headed ogre
 10749 | D:9      | Killed a two-headed ogre
 10805 | D:9      | Killed a two-headed ogre
 11152 | D:9      | Noticed a two-headed ogre
 11162 | D:9      | Killed a two-headed ogre
 11420 | D:9      | Found a staircase to the Lair.
 11481 | D:9      | Found a large runed translucent door.
 11522 | D:9      | Found a large runed translucent door.
 11523 | D:9      | Noticed cordlesssteve's ghost (novice MiBe)
 11633 | D:9      | Identified the +1 robe of the Sky {^Contam Harm Rampage
                  | rN+}
 11925 | D:9      | Noticed an orc knight
 12324 | Lair:1   | Entered Level 1 of the Lair of Beasts
 12928 | Lair:1   | Reached XP level 12. HP: 77/94 MP: 22/22
 13602 | Lair:2   | Noticed a six-headed hydra
 13619 | Lair:2   | Killed a seven-headed hydra
 13686 | Lair:2   | Learned a level 4 spell: Vhi's Electric Charge
 13741 | Lair:2   | Reached skill level 10 in Long Blades
 13741 | Lair:2   | Reached skill level 10 in Dodging
 14011 | Lair:2   | Found a hole to the Spider Nest.
 14170 | Lair:2   | Found the +10 tower shield of Ignorance {rN+ Int-4}
 14242 | Lair:2   | You fall into a shaft and drop 1 floor!
 14278 | Lair:2   | Found a staircase to the Swamp.
 14365 | Lair:2   | Noticed a catoblepas
 14567 | Lair:2   | Killed a catoblepas
 15511 | Lair:3   | Reached XP level 13. HP: 95/101 MP: 21/25
 15797 | Lair:3   | Found a basalt altar of Yredelemnul.
 15922 | Lair:3   | Identified a scroll of acquirement
 16228 | Lair:3   | Learned a level 5 spell: Irradiate
 16546 | Lair:4   | Got Kikubaaqudgha's Secrets of the Grave
 16708 | Lair:4   | Found a frozen archway.
 16737 | IceCv    | Entered an ice cave
 18003 | IceCv    | Noticed a reaper
 18453 | Lair:5   | Entered Level 5 of the Lair of Beasts
 18539 | Lair:4   | Killed by an exploding blazeheart core

Illustrated notes

Levels and vault maps discovered:
D:1:      mrwooster_arrival_statue_2, layout_basic, serial_shops, shop,
          serial_bayou_lagoon_a
D:2:      minmay_skewed_foursquare, layout_loops_ring, item_on_display_a,
          uniq_terence
D:3:      layout_basic, nicolae_overflow_hidden_temple, jmf_multi_god_temple,
          basic_ecumenical_altar, uniq_crazy_yiuf_cottage
D:4:      layout_rooms, serial_shops, shop
D:5:      kennysheep_spiral_hall, layout_loops_corners, temple_green,
          kennysheep_generic_room_10, uniq_sigmund, uniq_prince_ribbit1,
          uniq_eustachio, uniq_menkaure, uniq_blork_the_orc
D:6:      layout_layer_cave, uniq_maggie, uniq_edmund, uniq_grinder
D:7:      layout_basic
D:8:      layout_cave_pools, enter_bailey_8, uniq_joseph, uniq_pikel
D:9:      layout_gridville, erik_lair_orcish_takeover,
          ebering_ghost_disaster_area, lightli_church_of_beogh
Temple:   mainiacjoe_temple_coin_purse
Lair:1:   layout_gridlike, minmay_stone_trees_medium, serial_bayou_crossing
Lair:2:   layout_chaotic_city, nicolae_swamp_entry_splash_gauntlet,
          dummy_spider_entry
Lair:3:   layout_layer_cave, basic_altar, kennysheep_abandoned_house
Lair:4:   layout_loops_ring, portal_ice_cave_entry_pillars_2
Lair:5:   minmay_lair_end_frog_pond, layout_loops_ring, slime_entry_1,
          gauntlet_entry_generic

Skill      XL: |  1  2  3  4  5  6  7  8  9 10 11 12 13 |
---------------+----------------------------------------+-----
Invocations    | 1 2 3 4 5 6 7 8 9 |  9.6
Short Blades   | 1 2 3 4 5 6 7 8 |  8.8
Axes           | 1 2 3 4 5 6 7 8 |  8.8
Maces & Flails | 1 2 3 4 5 6 7 8 |  8.8
Polearms       | 1 2 3 4 5 6 7 8 |  8.8
Staves         | 1 2 3 4 5 6 7 8 |  8.8
Ranged Weapons | 1 2 3 4 5 6 7 8 |  8.8
Armour         | 1 2 3 4 5 6 7 8 |  8.8
Stealth        | 1 2 3 4 5 6 7 8 |  8.8
Shields        | 1 2 3 4 5 6 7 8 |  8.8
Unarmed Combat | 1 2 3 4 5 6 7 8 |  8.8
Spellcasting   | 1 2 3 4 5 6 7 8 |  8.8
Evocations     | 1 2 3 4 5 6 7 8 |  8.8
Shapeshifting  | 1 2 3 4 5 6 7 8 |  8.0
Conjurations   | 1 2 3 4 5 6 7 |  7.3
Hexes          | 1 2 3 4 5 6 7 |  7.3
Summonings     | 1 2 3 4 5 6 7 |  7.3
Necromancy     | 1 2 3 4 5 6 7 |  7.3
Translocations | 1 2 3 4 5 6 7 |  7.3
Fire Magic     | 1 2 3 4 5 6 7 |  7.3
Ice Magic      | 1 2 3 4 5 6 7 |  7.3
Air Magic      | 1 2 3 4 5 6 7 |  7.3
Earth Magic    | 1 2 3 4 5 6 7 |  7.3
Alchemy        | 1 2 3 4 5 6 7 |  7.3
Fighting       | 5 6 7 8 9 |  9.9
Throwing       | 5 6 7 8 9 |  9.9
Long Blades    | 7 8 9 10 | 10.9
Dodging        | 7 8 9 10 | 10.9

Action                     |  1- 3 |  4- 6 |  7- 9 | 10-12 | 13-15 || total
---------------------------+-------+-------+-------+-------+-------++-------
  Melee: Long sword        |    92 |    96 |       |       |       ||   188
         Bite              |     5 |    16 |    41 |    77 |    30 ||   169
         Hand axe          |       |    76 |   264 |   189 |       ||   529
         Spear             |       |     6 |       |       |       ||     6
         Dagger            |       |       |    37 |       |       ||    37
         Scimitar          |       |       |       |   410 |   132 ||   542
   Fire: Orcbow            |       |       |    10 |    45 |       ||    55
  Throw: Throwing net      |       |     4 |     3 |     2 |       ||     9
         Dart              |       |       |     1 |    29 |       ||    30
         Boomerang         |       |       |       |    68 |       ||    68
   Cast: Summon Blazeheart |       |       |       |    21 |    36 ||    57
  Evoke: Wand              |       |       |     4 |     1 |       ||     5
    Use: Potion            |       |     1 |       |     1 |       ||     2
         Scroll            |       |       |     8 |    12 |     2 ||    22
   Stab: Distracted        |       |       |     1 |     4 |       ||     5
         Sleeping          |       |       |     1 |     2 |       ||     3
         Held in net/web   |       |       |     2 |       |       ||     2
 Armour: Leather armour    |    16 |       |       |       |       ||    16
         Scale mail        |    45 |   195 |    74 |       |       ||   314
         Ring mail         |       |       |   118 |   406 |   117 ||   641
         Ice dragon scales |       |       |       |       |    11 ||    11
  Dodge: Dodged            |    49 |   135 |   264 |   396 |    89 ||   933

Table legend: (Time is in decaauts)
 A = Elapsed time spent in this place.
 B = Non-inter-level travel time spent in this place.
 C = Inter-level travel time spent in this place.
 D = Time resting spent in this place.
 E = Time spent auto-exploring this place.
 F = Levels seen in this place.
 G = Mean time per level.
                   A        B        C        D        E       F      G
               +--------+--------+--------+--------+--------+-----+--------+
         Total |  18639 |  17484 |   1155 |   4348 |   8171 |  17 | 1096.4 |
       Dungeon |  10384 |   9576 |    808 |   1812 |   4844 |   9 | 1153.8 |
        Temple |      1 |      1 |      0 |      0 |      0 |   1 |    1.0 |
          Lair |   4886 |   4539 |    347 |    317 |   2950 |   5 |  977.2 |
        Bailey |   2063 |   2063 |      0 |   1414 |    257 |   1 | 2063.0 |
      Ice Cave |   1302 |   1302 |      0 |    804 |    119 |   1 | 1302.0 |
               +--------+--------+--------+--------+--------+-----+--------+

Top non-repeatable levels by time:
  Bailey: 2063 daAuts
  Lair:2: 1653 daAuts
     D:6: 1638 daAuts
     D:9: 1618 daAuts
     D:5: 1564 daAuts
   IceCv: 1302 daAuts
     D:8: 1269 daAuts
     D:7: 1202 daAuts
  Lair:1: 1201 daAuts
  Lair:3: 1196 daAuts
     D:3: 1031 daAuts
     D:4: 942 daAuts
  Lair:4: 797 daAuts
     D:1: 766 daAuts
     D:2: 352 daAuts
